 Dungeon Crawl Stone Soup version 0.31.0-32-g396128a36d (webtiles) character file.

Game seed: 781686377714961369

4 0gre the Chiller (level 1, 0/13 HPs)
             Began as a Gnoll Ice Elementalist on Apr 9, 2024.
             Slain by a kobold
             ... wielding a +2 short sword of speed
              (5 damage)
             ... on level 1 of the Dungeon.
             The game lasted 00:01:16 (134 turns).

0gre the Chiller (Gnoll Ice Elementalist)            Turns: 134, Time: 00:01:16

Health: 0/13       AC:  2    Str:  7    XL:     1   Next: 60%
Magic:  6/6        EV: 13    Int: 14    God:
Gold:   0          SH:  0    Dex: 12    Spells: 8/9 levels left

rFire   . . .        a - +0 mace
rCold   . . .        (no shield)
rNeg    . . .        d - +0 robe
rPois   .            (no helmet)
rElec   .            (no cloak)
rCorr   .            (no gloves)
SInv    .            (no boots)
Will    .....        (no amulet)
Stlth   ++           (no ring)
HPRegen 0.22/turn    (no ring)
MPRegen 0.10/turn

%: no passive effects
@: no status effects
A: fangs 1, strong nose, distributed training
a: no special abilities


You were on level 1 of the Dungeon.
You visited 1 branch of the dungeon, and saw 1 of its levels.

Inventory:

Hand Weapons
 a - a +0 mace (weapon)
Missiles
 c - 2 poisoned darts
Armour
 d - a +0 robe (worn)
Potions
 b - a potion of magic


   Skills:
 + Level 0.1 Fighting
 + Level 0.1 Short Blades
 + Level 0.1 Long Blades
 + Level 0.1 Axes
 + Level 0.1 Maces & Flails
 + Level 0.1 Polearms
 + Level 0.1 Staves
 + Level 0.1 Ranged Weapons
 + Level 0.1 Throwing
 + Level 0.1 Armour
 + Level 4.4 Dodging
 + Level 4.0 Stealth
 + Level 0.1 Shields
 + Level 0.1 Unarmed Combat
 + Level 4.9 Spellcasting
 + Level 0.1 Conjurations
 + Level 0.1 Hexes
 + Level 0.1 Summonings
 + Level 0.1 Necromancy
 + Level 0.1 Translocations
 + Level 0.1 Fire Magic
 + Level 7.0 Ice Magic
 + Level 0.1 Air Magic
 + Level 0.1 Earth Magic
 + Level 0.1 Alchemy
 + Level 0.2 Invocations
 + Level 0.1 Evocations
 + Level 0.1 Shapeshifting


You had 8 spell levels left.
You knew the following spells:

 Your Spells              Type           Power      Damage    Failure   Level
a - Freeze                Ice            92%        1d9       1%          1

Your spell library contained the following spells:

 Spells                   Type           Power      Damage    Failure   Level
 Frozen Ramparts          Ice            46%        1d7       3%          3
 Ozocubu's Armour         Ice            23%        N/A       3%          3
 Summon Ice Beast         Ice/Summ       13%        N/A       12%         3


Dungeon Overview and Level Annotations

Branches:
Dungeon (1/15)

Altars:


Innate Abilities, Weirdness & Mutations

You have very sharp teeth.
Your uncanny sense of smell can sniff out nearby items.
Your experience applies equally to all skills.


Message History

Press: ? - help, Shift-Dir - straight line, f - bat
Aim: a bat You freeze the bat!
You kill the bat!
The ball python barely misses you. The ball python misses you.
Casting: Freeze (safe; 1% risk of failure)
Confirm with . or Enter, or press ? or * to list all spells.
Aiming: Freeze (safe; 1% risk of failure)
Press: ? - help, Shift-Dir - straight line, f - ball python
Aim: a ball python You freeze the ball python.
You kill the ball python!
You see here a +0 mace.
d - a +0 mace (weapon)
Adjust (i)tems, (s)pells, or (a)bilities?
d - a +0 mace (weapon)
Adjust to which letter? (? for menu, Esc to quit)
a - a +0 mace (weapon);
d - a +0 robe (worn)
You open the door.
A goblin and a kobold come into view.
The kobold is wielding a +2 short sword of speed.
Found a scroll labelled EXUIVO JUES and a rapier.
Found 9 gold pieces.
There is an open door here.
The goblin shouts!
You see here a scroll labelled EXUIVO JUES.
The goblin hits you with a +0 dagger.
You closely miss the goblin.
The kobold shouts!
The goblin barely misses you. The goblin attacks as it pursues you!
The goblin hits you with a +0 dagger.
There is an open door here.
You hit the goblin.
The goblin is severely wounded.
The goblin closely misses you. The goblin hits you with a +0 dagger.
You hit the goblin.
You kill the goblin!
You barely miss the kobold.
The kobold hits you with a +2 short sword of speed. x2
You die...

##.#..#.....##.#.#
#######....#.....#.#...#
..........#######..#..##
####....#.....# .#.##
#.#..#...).# #.#
#.###.#..#...$.# #.#
#.......†#.?...# ..#
#####.#..#K....#
...#..@######.
#####..........
........#####.#.
######..# #..# ....
##..# .... ....


You could see a kobold.

Vanquished Creatures
  A ball python (D:1)
  A bat (D:1)
  A goblin (D:1)
  2 rats (D:1)
5 creatures vanquished.

Notes
Turn   | Place    | Note
-------+----------+-------------------------------------------
     0 | D:1      | 0gre the Gnoll Ice Elementalist began the quest for the
                  | Orb.
     0 | D:1      | Reached XP level 1. HP: 13/13 MP: 6/6
   134 | D:1      | Slain by a kobold

Illustrated notes

Levels and vault maps discovered:
D:1:      dpeg_arrival_prison, layout_loops_corners, kennysheep_minor_cross,
          st_stairs_7, minmay_3d_cube

Action                     || total
---------------------------++-------
  Melee: Mace              ||     4
         Unarmed           ||     1
   Cast: Freeze            ||     3
 Armour: Robe              ||     6
  Dodge: Dodged            ||     5
